 Dungeon Crawl Stone Soup version 0.28-a0-245-g639a1a48b9 (webtiles) character file.

Game seed: 2133739681342226584

1803 dolemite99 the Slinger (level 8, -8/56 HPs)
             Began as a Demonspawn Gladiator on Aug 25, 2021.
             Was a Believer of Nemelex Xobeh.
             Mangled by a komodo dragon (10 damage)
             ... on level 6 of the Dungeon.
             The game lasted 00:12:00 (10133 turns).

dolemite99 the Slinger (Demonspawn Gladiator)      Turns: 10133, Time: 00:12:01

Health: -8/56      AC: 14    Str: 17    XL:     8   Next: 83%
Magic:  12/12      EV: 10    Int: 10    God:    Nemelex Xobeh [**....]
Gold:   311        SH:  3    Dex: 14    Spells: 7/7 levels left

rFire   . . .      SeeInvis .   b - +3 hunting sling
rCold   + . .      Faith    +   f - +0 buckler
rNeg    . . .      Spirit   .   A - +1 ring mail {rC+}
rPois   .          Reflect  .   (helmet restricted)
rElec   .          Harm     .   (no cloak)
rCorr   .          Rampage  .   H - +0 pair of gloves
Will    .....                   x - +0 pair of boots
Stlth   +.........              D - amulet of faith
HPRegen 0.18/turn               u - ring of flight
MPRegen 0.26/turn               (no ring)

@: about to teleport, sanguine armoured, flying
A: antennae 2, magic regeneration, sanguine armour 1
a: Renounce Religion, Draw Escape, Draw Destruction, Draw Summoning


You were on level 6 of the Dungeon.
You worshipped Nemelex Xobeh.
Nemelex Xobeh was pleased with you.
You visited 2 branches of the dungeon, and saw 8 of its levels.

You collected 311 gold pieces.

Inventory:

Hand Weapons
 a - a +0 war axe
 b - a +3 hunting sling (weapon)
 B - a +0 trident
Missiles
 d - 3 throwing nets
 e - 10 sling bullets
 g - 101 arrows
 s - 138 stones (quivered ammo)
 w - 36 bolts
 z - 5 boomerangs
Armour
 f - a +0 buckler (worn)
 x - a +0 pair of boots (worn)
 A - a +1 ring mail of cold resistance (worn)
 H - a +0 pair of gloves (worn)
Magical Staves
 j - a staff of poison
 p - a staff of earth
Jewellery
 u - a ring of flight (left hand)
 D - an amulet of faith (around neck)
Wands
 c - a wand of acid (4)
 n - a wand of polymorph (1)
 F - a wand of flame (15)
Scrolls
 l - 4 scrolls of immolation
 o - 4 scrolls of teleportation
 t - 3 scrolls of identify {@r1}
 y - a scroll of silence
Potions
 h - a potion of flight
 i - a potion of cancellation
 k - a potion of attraction
 m - a potion of ambrosia
 C - a potion of brilliance
 G - a potion of might {unknown}


   Skills:
 - Level 2.0 Fighting
 - Level 5.1 Axes
 + Level 8.2(8.3) Slings
 - Level 1.7(5.4) Throwing
 - Level 2.6 Dodging
 - Level 6.5 Invocations


You had 7 spell levels left.
You didn't know any spells.
Your spell library contained the following spells:

 Spells                   Type           Power      Damage    Failure   Level
 Static Discharge         Conj/Air       0%         N/A       87%         2
 Lightning Bolt           Conj/Air       0%         1d11      100%        5
 Maxwell's Capacitive Co  Air            0%         ∞         100%        8


Dungeon Overview and Level Annotations

Branches:
Dungeon (7/15)             Temple (1/1) D:5

Altars:
Ashenzari
Dithmenos
Elyvilon
Gozag
Hepliaklqana
Kikubaaqudgha
Nemelex Xobeh
Okawaru
Qazlal
Sif Muna
Trog
Uskayaw
Vehumet
Wu Jian
Xom
Zin
The Shining One


Innate Abilities, Weirdness & Mutations

You have a pair of antennae on your head.
You regenerate magic rapidly.
When seriously injured, your bleeding wounds create armour. (AC +6)


Message History

You are too injured to fight recklessly!
You are too injured to fight recklessly!
You are too injured to fight recklessly!
You are too injured to fight recklessly!
You are too injured to fight recklessly!
You are too injured to fight recklessly!
You are too injured to fight recklessly!
You are too injured to fight recklessly!
You are too injured to fight recklessly!
You are too injured to fight recklessly!
You are too injured to fight recklessly!
You are too injured to fight recklessly!
You are too injured to fight recklessly!
You are too injured to fight recklessly!
You are too injured to fight recklessly!
You are too injured to fight recklessly!
You are too injured to fight recklessly!
You are too injured to fight recklessly!
You are too injured to fight recklessly!
You are too injured to fight recklessly!
You are too injured to fight recklessly!
Aiming: Corrosive Bolt
Press: ? - help, Shift-Dir - straight line, f/p - komodo dragon
Aim: a komodo dragon (moderately wounded, 79% to hit)
The bolt of acid misses the komodo dragon.
The komodo dragon hisses menacingly.
You block the komodo dragon's attack.
Aiming: Corrosive Bolt
Press: ? - help, Shift-Dir - straight line, f/p - komodo dragon
Aim: a komodo dragon (moderately wounded, 79% to hit)
The bolt of acid hits the komodo dragon!
The komodo dragon is splashed with acid.
The komodo dragon is severely wounded.
The komodo dragon bites you!!
* * * LOW HITPOINT WARNING * * *
Okay, then.
As you read the scroll of teleportation, it crumbles to dust.
You feel strangely unstable. The komodo dragon bites you!
You die...
Your body glows with a rainbow of weird colours and disappears.

## #.#.(((...(.....##
##.#######.......#. #.#
#.#......# #.#
#.#..<...# ####.####
#.#......# #.......#
#.###.#.## #.##.##.#
#.# #.#.# #.##l##.#
#.###+#.# #.##@##.#
#.......# #.##....#
###.....## #.####..#
##.......#
###.###...####.........
.)...........'.........
######...####.........
##.## ##.......# #.#
##.....## ... ##...##


You could see a komodo dragon.

Vanquished Creatures
  Duvessa (D:4)
  An ice beast (D:5)
  2 sky beasts
  2 ogres (D:5)
  2 phantoms (D:5)
  A bullfrog (D:6)
  2 scorpions
  Dowan (D:4)
  A water moccasin skeleton (D:5)
  3 howler monkeys (D:5)
  A centaur zombie (D:5)
  2 hounds
  3 jellies
  2 centaur skeletons (D:5)
  2 iguanas
  Ijyb (D:5)
  A hound zombie (D:5)
  A mummy (D:5)
  A howler monkey skeleton (D:6)
  5 adders
  An ufetubus (D:5)
  2 worms (D:3)
  6 dart slugs
  13 orcs
  4 bats
  6 endoplasms
  4 giant cockroaches
  8 goblins
  9 hobgoblins
  4 quokkas
  8 ball pythons
  3 frilled lizards
  A hobgoblin zombie (D:5)
  6 kobolds
  2 kobold zombies (D:5)
  An orc zombie (D:5)
  4 rats
117 creatures vanquished.

Vanquished Creatures (collateral kills)
  Grinder (D:5)
  A steam dragon (D:6)
  An orc wizard (D:5)
  An adder (D:6)
  2 orcs (D:5)
  A bush (D:5)
7 creatures vanquished.

Vanquished Creatures (others)
  5 toadstools (D:5)
5 creatures vanquished.

Grand Total: 129 creatures vanquished

Notes
Turn   | Place    | Note
-------+----------+-------------------------------------------
     0 | D:1      | dolemite99 the Demonspawn Gladiator began the quest for the
                  | Orb.
     0 | D:1      | Reached XP level 1. HP: 16/16 MP: 1/1
   658 | D:1      | Gained mutation: You have a pair of small antennae on your
                  | head. [demonic ancestry]
   658 | D:1      | Reached XP level 2. HP: 16/22 MP: 2/2
  1684 | D:1      | Gained mutation: You regenerate magic rapidly. [demonic
                  | ancestry]
  1684 | D:1      | Reached XP level 3. HP: 22/27 MP: 3/3
  1925 | D:2      | Found a sparkling altar of Nemelex Xobeh.
  2180 | D:2      | Became a worshipper of Nemelex Xobeh the Trickster
  2583 | D:2      | Reached XP level 4. HP: 33/33 MP: 4/4
  3234 | D:3      | Reached * piety under Nemelex Xobeh
  3334 | D:3      | Found a radiant altar of Vehumet.
  3334 | D:3      | Received a gift from Nemelex Xobeh
  3395 | D:3      | Reached skill level 5 in Axes
  3917 | D:3      | Gained mutation: When seriously injured, your bleeding
                  | wounds create armour. (AC +6) [demonic ancestry]
  3917 | D:3      | Reached XP level 5. HP: 36/38 MP: 5/5
  3996 | D:3      | Noticed a sky beast
  3999 | D:3      | Killed a sky beast
  4000 | D:3      | Reached skill level 1 in Slings
  4362 | D:4      | Reached skill level 2 in Slings
  4453 | D:4      | Reached XP level 6. HP: 44/44 MP: 8/8
  4488 | D:4      | Found a shadowy altar of Dithmenos.
  4708 | D:4      | Reached ** piety under Nemelex Xobeh
  4708 | D:4      | Noticed Dowan
  4710 | D:4      | Noticed Duvessa
  4740 | D:4      | Killed Duvessa
  4744 | D:4      | Killed Dowan
  4745 | D:4      | Reached skill level 3 in Slings
  4870 | D:4      | Found an iron altar of Okawaru.
  5354 | D:5      | Entered Level 5 of the Dungeon
  5361 | D:5      | Noticed Ijyb
  5365 | D:5      | Killed Ijyb
  5366 | D:5      | Gained mutation: You have a pair of antennae on your head.
                  | [demonic ancestry]
  5366 | D:5      | Reached XP level 7. HP: 50/50 MP: 10/10
  5380 | D:5      | Reached skill level 5 in Invocations
  5470 | D:5      | Noticed Grinder
  5475 | D:5      | Paralysed by Grinder for 7 turns
  5483 | D:5      | Paralysed by Grinder for 7 turns
  5490 | D:5      | Identified the -1 quarterstaff of Past Mistakes {flame,
                  | Str+3}
  5496 | D:5      | Killed Grinder
  5497 | D:5      | Reached skill level 4 in Slings
  6518 | D:5      | Reached skill level 5 in Slings
  6589 | D:5      | Reached XP level 8. HP: 56/56 MP: 12/12
  6776 | D:5      | Reached skill level 6 in Slings
  7244 | D:5      | Found a staircase to the Ecumenical Temple.
  7732 | Temple   | Entered the Ecumenical Temple
  7963 | D:5      | Reached skill level 7 in Slings
  9115 | D:7      | Noticed a hornet
  9429 | D:6      | Reached skill level 8 in Slings
 10070 | D:6      | Received a gift from Nemelex Xobeh
 10100 | D:6      | Noticed a komodo dragon
 10132 | D:6      | HP: 2/56 [komodo dragon (20)]
 10133 | D:6      | Mangled by a komodo dragon

Illustrated notes

Levels and vault maps discovered:
D:1:      scummos_arrival_checkerplants, layout_loops_ring,
          minmay_misc_feat_rugged, serial_park_tiny_1, minmay_octomino_c4
D:2:      layout_basic, basic_altar
D:3:      layout_loops_corners, fiery_altar_vehumet, st_stairs_4,
          minmay_fractal_squares_diagonal_5
D:4:      layout_cave_pods, grunt_dithmenos_smoke, okawaru_trees_1, hex_medium,
          hangedman_feature_mirror, uniq_duvessa
D:5:      layout_loops_ring, lemuel_tele_altar,
          minmay_temple_entry_drinking_statues, minmay_misc_feat_iff,
          minmay_hedge_maze, minmay_gold_behind_fungi, roderic_lattice_a,
          minmay_mini_ossuary, uniq_grinder, uniq_ijyb
D:6:      minmay_opposing_rooms, layout_loops_corners, minivault_19
D:7:      layout_layer_cave, old_standard_altar
Temple:   dshaligram_water_room_temple

Skill      XL: |  1  2  3  4  5  6  7  8 |
---------------+-------------------------+-----
Axes           | 3 4 5 |  5.1
Slings         | 2 3 5 8 |  8.2
Invocations    | 3 4 6 |  6.5
Fighting       | |  2.0
Throwing       | |  1.7
Dodging        | |  2.6

Action                   |  1- 3 |  4- 6 |  7- 9 || total
-------------------------+-------+-------+-------++-------
Melee: War axe           |    78 |    61 |    24 ||   163
       Hunting sling     |       |       |     1 ||     1
 Fire: Hunting sling     |       |   100 |   248 ||   348
Invok: Draw Destruction  |       |     8 |       ||     8
       Draw Summoning    |       |       |     4 ||     4
Evoke: Wand              |       |       |     2 ||     2
  Use: Scroll            |       |    12 |     7 ||    19
       Potion            |       |       |     7 ||     7
 Stab: Sleeping          |     1 |       |       ||     1
Armor: Leather armour    |    25 |       |       ||    25
       Scale mail        |       |    48 |    70 ||   118
       Ring mail         |       |       |     2 ||     2
Dodge: Dodged            |    54 |    63 |    50 ||   167
Block: Buckler           |    15 |    19 |    16 ||    50

Table legend: (Time is in decaauts)
 A = Elapsed time spent in this place.
 B = Non-inter-level travel time spent in this place.
 C = Inter-level travel time spent in this place.
 D = Time resting spent in this place.
 E = Time spent auto-exploring this place.
 F = Levels seen in this place.
 G = Mean time per level.
                   A        B        C        D        E       F      G
               +--------+--------+--------+--------+--------+-----+--------+
         Total |  10209 |   9874 |    335 |   3354 |   4793 |   8 | 1276.1 |
       Dungeon |  10076 |   9764 |    312 |   3354 |   4693 |   7 | 1439.4 |
        Temple |    132 |    109 |     23 |      0 |    100 |   1 |  132.0 |
               +--------+--------+--------+--------+--------+-----+--------+

Top non-repeatable levels by time:
     D:5: 3812 daAuts
     D:1: 1949 daAuts
     D:3: 1387 daAuts
     D:2: 1083 daAuts
     D:4: 1002 daAuts
     D:6: 837 daAuts
  Temple: 132 daAuts
     D:7: 4 daAuts
